Map: Prion Terraces

Players

eJas - Winner!

  • Race: Zerg Zerg
  • League: Diamond

ILLBdA

  • Race: Protoss Protoss
  • League: Diamond

VOD

Have the link to the VOD?

Description

Time

  • Played on: Jan. 3, 2016, 9:18 p.m.
  • Length: 12:05
Show
View Real Time Build Order
Export as new Build Order

eJas Zerg - Winner!

Build Orders: 3 Hatch before Pool, Lurkers 

Get SALT Encoding   

  12  0:00  Drone  
  13  0:08  Drone  
  14  0:18  Extractor  
  14  0:19  Drone  
  15  0:22  Overlord  
  15  0:41  Drone x2  
  17  0:58  Hatchery  
  17  1:02  Drone  
  17  1:15  Drone x2  
  19  1:32  Drone  
  20  1:36  Hatchery  
  19  1:48  Spawning Pool  
  19  1:51  Drone, Extractor  
  18  1:55  Drone  
  19  2:01  Overlord  
  19  2:05  Drone  
  20  2:12  Drone  
  21  2:20  Drone x2  
  23  2:28  Overlord  
  23  2:31  Drone  
  24  2:40  Queen  
  26  2:44  Queen  
  26  2:49  Drone  
  26  2:50  Drone x2  
  31  2:55  Queen  
  33  3:04  Drone x2, Zergling x2  
  36  3:06  Drone  
  36  3:07  Drone  
  38  3:14  Drone x2  
  40  3:20  Queen  
  40  3:26  Overlord  
  40  3:27  Drone x3  
  45  3:40  Drone x4  
  49  3:45  Metabolic Boost  
  49  3:49  Roach Warren  
  49  3:51  Spore Crawler, Drone  
  49  3:52  Spore Crawler  
  49  3:54  Drone x2  
  49  3:55  Spore Crawler  
  48  3:58  Drone x2  
  48  4:00  Overlord  
  48  4:02  Drone x2  
  52  4:06  Drone  
  52  4:07  Drone x2  
  55  4:11  Drone  
  55  4:12  Extractor  
  55  4:13  Drone  
  55  4:15  Drone x2, Extractor  
  57  4:18  Queen  
  57  4:20  Drone  
  57  4:22  Overlord  
  60  4:25  Drone  
  60  4:26  Lair  
  61  4:33  Drone  
  61  4:36  Overlord  
  62  4:38  Overlord  
  62  4:39  Overlord  
  62  4:48  Roach  
  62  4:49  Roach  
  66  4:57  Roach x3  
  66  4:58  Roach x2, Zergling x4  
  78  5:11  Drone, Zergling x4  
  78  5:12  Drone x3, Overlord x2  
  84  5:15  Drone, Extractor  
  84  5:18  Ravager  
  84  5:19  Ravager x2  
  87  5:28  Drone, Glial Reconstitution  
  88  5:34  Drone x4  
  92  5:37  Drone x2, Extractor  
  92  5:38  Extractor  
  92  5:42  Hydralisk Den  
  91  5:43  Drone  
  91  5:47  Overlord  
  92  5:51  Overlord x2  
  92  5:54  Ravager x2  
  94  5:58  Drone x2  
  94  5:59  Drone x2  
  98  6:06  Overlord x2  
  98  6:07  Overlord  
  98  6:14  Roach x4  
  98  6:15  Roach x3  
  112  6:19  Spore Crawler  
  112  6:22  Drone  
  112  6:23  Muscular Augments  
  112  6:26  Ravager  
  112  6:27  Ravager  
  112  6:28  Drone  
  112  6:29  Drone  
  116  6:33  Drone  
  116  6:35  Drone x2  
  116  6:37  Evolution Chamber  
  116  6:38  Evolution Chamber  
  117  6:45  Hatchery  
  116  6:47  Hydralisk x4  
  116  6:48  Hydralisk x3  
  130  6:59  Overlord x2  
  130  7:00  Drone  
  131  7:03  Zerg Missile Weapons Level 1, Zerg Ground Armor Level 1  
  131  7:04  Hatchery, Drone  
  131  7:08  Overlord  
  131  7:09  Overlord x3  
  131  7:15  Hydralisk  
  131  7:16  Hydralisk x3  
  139  7:23  Hatchery  
  138  7:32  Drone, Pneumatized Carapace  
  138  7:33  Hydralisk x4  
  147  7:38  Drone  
  147  7:40  Drone  
  149  7:44  Drone  
  150  7:55  Drone  
  150  7:57  Hatchery  
  148  8:03  Hydralisk x4  
  148  8:05  Roach x2, Zergling x2  
  132  8:14  Infestation Pit  
  132  8:18  Lurker Den  
  131  8:20  Hydralisk x3  
  131  8:21  Hydralisk x2  
  131  8:22  Zergling x10  
  131  8:25  Drone x3  
  149  8:37  Hydralisk x5  
  149  8:38  Hydralisk  
  149  8:40  Drone  
  149  8:41  Drone  
  163  8:45  Drone, Extractor  
  163  8:47  Extractor  
  162  8:52  Hydralisk x2  
  162  8:55  Hive  
  166  8:56  Drone x2  
  166  8:58  Drone x2  
  166  8:59  Drone  
  171  9:08  Zergling x6  
  171  9:09  Drone, Zerg Missile Weapons Level 2  
  175  9:11  Drone  
  175  9:12  Queen  
  175  9:14  Drone x2  
  175  9:15  Drone  
  181  9:18  Drone x2  
  181  9:21  Extractor x2  
  181  9:22  Spore Crawler, Hydralisk  
  181  9:23  Hydralisk x2  
  186  9:40  Overlord  
  186  9:41  Zerg Ground Armor Level 2  
  186  9:42  Drone  
  186  9:44  Drone x2  
  189  9:47  Evolution Chamber, Lurker x4, Extractor  
  189  9:48  Lurker  
  167  10:10  Hydralisk  
  167  10:11  Hydralisk x3  
  167  10:12  Zergling x10  
  164  10:19  Hydralisk x8  
  179  10:33  Lurker x5  
  182  10:38  Drone  
  182  10:39  Drone x4  
  182  10:41  Spore Crawler  
  186  10:44  Spine Crawler  
  173  11:02  Hydralisk x3  
  173  11:03  Zergling x12  
  173  11:04  Zergling x6  
  162  11:07  Drone x2  
  162  11:08  Drone  
  163  11:17  Hydralisk  
  163  11:18  Hydralisk x3  
  167  11:22  Spire  
  161  11:26  Hydralisk x4  
  161  11:32  Drone x2  
  171  11:33  Drone  
  184  11:47  Drone  
  184  11:51  Drone x5  
  190  11:55  Extractor  
Show
View Real Time Build Order
Export as new Build Order

ILLBdA Protoss 

Build Orders: Nexus First, Zealot Archon 

Get SALT Encoding   

  12  0:01  Probe (Chrono Boost)  
  13  0:11  Probe (Chrono Boost)  
  14  0:21  Pylon  
  14  0:24  Probe (Chrono Boost)  
  15  0:39  Probe (Chrono Boost)  
  16  0:49  Probe (Chrono Boost)  
  17  1:02  Nexus  
  17  1:06  Probe (Chrono Boost)  
  18  1:19  Gateway  
  18  1:21  Probe (Chrono Boost)  
  19  1:26  Assimilator  
  20  1:32  Probe (Chrono Boost)  
  20  1:39  Assimilator  
  20  1:43  Probe (Chrono Boost)  
  21  1:54  Probe (Chrono Boost)  
  22  2:04  Probe (Chrono Boost), Pylon  
  22  2:06  Cybernetics Core  
  23  2:14  Probe (Chrono Boost), Zealot  
  23  2:15  Probe (Chrono Boost)  
  27  2:25  Probe x2 (Chrono Boost)  
  29  2:32  Warp Gate  
  29  2:33  Pylon  
  29  2:35  Probe (Chrono Boost)  
  29  2:36  Probe (Chrono Boost)  
  31  2:43  Sentry (Chrono Boost)  
  33  2:46  Probe x2  
  35  2:59  Mothership Core  
  35  3:00  Probe  
  38  3:12  Probe  
  39  3:17  Stargate  
  39  3:20  Probe  
  39  3:22  Adept (Chrono Boost)  
  39  3:24  Probe  
  43  3:32  Probe  
  43  3:33  Assimilator x2  
  43  3:36  Probe  
  44  3:42  Pylon  
  44  3:44  Probe (Chrono Boost)  
  45  3:49  Probe (Chrono Boost)  
  46  3:56  Probe (Chrono Boost)  
  46  4:00  Probe (Chrono Boost), Phoenix  
  50  4:06  Probe (Chrono Boost)  
  51  4:10  Probe (Chrono Boost)  
  51  4:11  Gateway  
  51  4:13  Gateway  
  51  4:15  Gateway  
  51  4:16  Pylon  
  51  4:17  Probe (Chrono Boost)  
  53  4:25  Phoenix (Chrono Boost)  
  53  4:26  Pylon  
  55  4:40  Probe (Chrono Boost)  
  55  4:42  Twilight Council  
  56  4:50  Phoenix (Chrono Boost)  
  58  5:11  Probe  
  58  5:12  Phoenix (Chrono Boost)  
  61  5:19  Charge  
  61  5:23  Adept x2  
  61  5:25  Nexus  
  61  5:27  Pylon  
  65  5:32  Pylon  
  65  5:34  Phoenix (Chrono Boost)  
  67  5:55  Zealot x3  
  67  5:56  Zealot, Phoenix (Chrono Boost)  
  77  6:00  Probe  
  77  6:03  Gateway  
  78  6:06  Gateway  
  78  6:07  Gateway  
  78  6:12  Templar Archives  
  78  6:16  Zealot x3  
  78  6:17  Phoenix (Chrono Boost)  
  86  6:18  Probe  
  87  6:25  Probe  
  87  6:30  Forge  
  88  6:33  Zealot  
  88  6:37  Probe  
  91  6:53  Zealot x2  
  95  6:59  Probe, Phoenix  
  95  7:00  Resonating Glaives  
  96  7:04  High Templar x4  
  96  7:07  Pylon  
  106  7:08  Archon  
  106  7:09  Archon  
  106  7:10  Assimilator  
  106  7:12  Assimilator  
  106  7:16  Pylon, Protoss Ground Weapons Level 1  
  106  7:17  Pylon  
  106  7:33  Zealot x3  
  106  7:34  Zealot x2  
  116  7:50  Pylon  
  116  7:52  Zealot x3  
  120  8:05  Phoenix  
  114  8:10  Zealot x3  
  114  8:11  Zealot x3  
  128  8:13  Probe  
  128  8:19  Gateway  
  129  8:20  Gateway  
  129  8:24  Gateway x2  
  129  8:25  Robotics Facility  
  129  8:27  Probe  
  130  8:28  High Templar x2  
  130  8:29  Stargate  
  130  8:32  Archon  
  134  8:38  Gateway  
  134  8:40  Photon Cannon  
  134  8:42  Oracle  
  134  8:43  Photon Cannon  
  137  8:51  Probe x2  
  137  8:52  Probe  
  140  9:01  Pylon  
  140  9:03  Probe, Pylon  
  141  9:22  Fleet Beacon  
  141  9:36  Zealot x3  
  147  9:41  Zealot  
  147  9:42  Zealot  
  104  10:12  Zealot x4  
  104  10:13  Zealot x4  
  92  10:14  Zealot x2  
  92  10:19  Tempest x2 (Chrono Boost)  
  100  10:32  High Templar x3  
  100  10:33  High Templar x4  
  100  10:34  High Templar  
  116  10:36  Archon x2  
  116  10:37  Archon  
  116  10:40  Zealot x2  
  120  10:45  Archon  
  106  11:24  Observer  
  82  11:40  High Templar x2  
  82  11:41  Zealot  
  82  11:42  Zealot x2  
  82  11:44  Archon  
  92  11:59  Zealot x3  
Tags
 
Add a new tag
Caveats
  • Supply blocks, unpowered buildings, or Contaminate may cause inaccurate times.
  • Supply counts are checked every 10 seconds.